 Dungeon Crawl Stone Soup version 0.26.0-57-g60708a5e39 (webtiles) character file.

Game seed: 12109187932878968184

75 Gadfly the Cudgeller (level 4, -6/44 HPs)
             Began as an Ogre Gladiator on Feb 2, 2021.
             Mangled by Sigmund
             ... wielding a +0 scythe
              (8 damage)
             ... on level 2 of the Dungeon.
             The game lasted 00:03:23 (2339 turns).

Gadfly the Cudgeller (Ogre Gladiator)               Turns: 2339, Time: 00:03:24

Health: -6/44      AC:  7    Str: 19    XL:     4   Next: 31%
Magic:  0/5        EV: 10    Int:  9    God:
Gold:   177        SH:  0    Dex: 10    Spells: 3/3 levels left

rFire    . . .     SeeInvis .   b - +0 dagger (elec)
rCold    . . .     Faith    .   (no shield)
rNeg     . . .     Spirit   +   l - +0 robe
rPois    .         Reflect  .   c - +0 hat
rElec    .         Harm     .   (no cloak)
rCorr    .         Rampage  .   (gloves unavailable)
Will     .....                  (boots unavailable)
Stlth    ..........             g - amulet of guardian spirit
HPRegen  0.14/turn              m - ring of attention (curse)
MPRegen  0.09/turn              q - +4 ring of protection

@: confused
A: large, unfitting armour, tough skin 1
a: no special abilities


You were on level 2 of the Dungeon.
You visited 1 branch of the dungeon, and saw 3 of its levels.

You collected 177 gold pieces.

Inventory:

Hand Weapons
 a - a +0 flail
 b - a +0 dagger of electrocution (weapon)
Missiles
 d - 4 throwing nets
 k - 5 boomerangs (quivered)
Armour
 c - a +0 hat (worn)
 l - a +0 robe (worn)
Jewellery
 f - an uncursed amulet of faith
 g - an amulet of guardian spirit (around neck)
 m - a cursed ring of attention (left hand)
 q - a +4 ring of protection (right hand)
Scrolls
 e - a scroll of remove curse
Potions
 i - a potion of flight
 j - a potion of mutation


   Skills:
 - Level 2.6 Fighting
 + Level 2.9 Maces & Flails
 + Level 2.3 Throwing
 * Level 1.4 Armour
 - Level 2.6 Dodging
 * Level 1.7 Invocations
 * Level 1.3 Evocations


You had 3 spell levels left.
You didn't know any spells.
Your spell library was empty.

Dungeon Overview and Level Annotations

Branches:
Dungeon (3/15)

Altars:

Annotations:
D:2 Sigmund


Innate Abilities, Weirdness & Mutations

You are too large for most types of armour.
You have tough skin. (AC +1)


Message History

Your roots penetrate the ground.
Something hits you but does no damage.
It was a potion of cancellation.
Your magical effects are unravelling.
You feel magically purged.
Your magical contamination has completely faded away.
You feel less wooden.
Your +0 hat unmelds from your body.
Your +0 robe unmelds from your body.
You flicker back into view.
You feel less confused. Something hits you.
* * * LOW HITPOINT WARNING * * *
You hit something but do no damage. You barely miss something.
You hear some strange, mumbled words.
You are confused.
You hear some strange, mumbled words.
A magic dart appears from out of thin air!
The magic dart hits you.
* * * LOW HITPOINT WARNING * * *
You closely miss something. Something hits you!
You die...

#.##..###.# #.# #..##
#.........# #.# #.## #####..##.#
#.# #.# ....#..##.#####.#
#>###### ###.............#
#....... ###..##.#######
###.###### #.......# #.......#.
#.#...############ #.#####...
#.#...........@..#####.# #.#.
#.#...#####...{........# #.#.
##.#########.####.#####.# #.#.
#....#≈...≈.....#>## #.#####.#.
####.≈≈..≈.....(...####.......#.
##≈≈≈≈≈≈≈≈≈≈≈.≈≈≈≈≈≈≈≈#.#.##.##.
#≈≈≈≈≈≈≈.≈≈≈≈≈≈≈≈≈≈≈###.#.##.##.
#≈##.....≈≈........####.#.##.##.
#≈≈
##≈≈≈..................##....


There were no monsters in sight!

Vanquished Creatures
  3 adders (D:2)
  An ooze (D:2)
  2 worms (D:2)
  A dart slug (D:1)
  A leopard gecko (D:3)
  A ball python (D:2)
  A giant cockroach (D:1)
  5 goblins
  3 hobgoblins (D:2)
  6 kobolds
  A quokka (D:2)
  5 bats
  4 frilled lizards
  6 rats
  A toadstool (D:1)
41 creatures vanquished.

Vanquished Creatures (others)
  3 toadstools (D:1)
3 creatures vanquished.

Grand Total: 44 creatures vanquished

Notes
Turn   | Place    | Note
-------+----------+-------------------------------------------
     0 | D:1      | Gadfly the Ogre Gladiator began the quest for the Orb.
     0 | D:1      | Reached XP level 1. HP: 22/22 MP: 1/1
   285 | D:1      | Reached XP level 2. HP: 29/29 MP: 2/2
  1097 | D:2      | Reached skill level 1 in Armour
  1097 | D:2      | Reached skill level 1 in Invocations
  1097 | D:2      | Reached XP level 3. HP: 25/36 MP: 3/3
  1206 | D:2      | Reached skill level 1 in Evocations
  1492 | D:2      | You fall into a shaft and drop 1 floor!
  1528 | D:2      | Reached XP level 4. HP: 36/44 MP: 3/5
  2311 | D:3      | Noticed Sigmund
  2338 | D:2      | HP: 2/44 [something/magic dart (1)]
  2339 | D:2      | Mangled by Sigmund

Illustrated notes

Levels and vault maps discovered:
D:1:      ldierk_water_garden, layout_basic
D:2:      layout_loops_ring, serial_rivers, chequers_serial_rivers_small_3,
          chequers_serial_rivers_small_3, chequers_serial_rivers_large_a,
          chequers_serial_rivers_micro_b
D:3:      layout_basic, uniq_sigmund

Skill      XL: |  1  2  3 |
---------------+----------+-----
Armour         | 1 |  1.4
Invocations    | 1 |  1.7
Evocations     | 1 |  1.3
Fighting       | |  2.6
Maces & Flails | |  2.9
Throwing       | |  2.3
Dodging        | |  2.6

Action                   |  1- 3 |  4- 6 || total
-------------------------+-------+-------++-------
Melee: Flail             |    55 |       ||    55
       Dagger            |    38 |    43 ||    81
Throw: Stone             |     1 |       ||     1
  Use: Scroll            |     5 |     2 ||     7
       Potion            |     1 |     3 ||     4
 Stab: Sleeping          |     2 |       ||     2
Armor: Robe              |    34 |    14 ||    48
Dodge: Dodged            |    45 |    18 ||    63
